 Dungeon Crawl Stone Soup version 0.29-a0-847-g24c0ca63c9 (webtiles) character file.

Game seed: 13316020427987138592

4638 Malachi the Basher (level 10, -1/85 HPs)
             Began as a Palentonga Fighter on July 16, 2022.
             Slain by a blink frog (7 damage)
             ... led by Prince Ribbit
             ... on level 1 of the Lair of Beasts.
             The game lasted 00:14:49 (8509 turns).

Malachi the Basher (Palentonga Fighter)             Turns: 8509, Time: 00:14:50

Health: -1/85      AC: 17    Str: 25    XL:     10   Next: 20%
Magic:  10/10      EV:  9    Int: 12    God:
Gold:   430        SH:  0    Dex:  7    Spells: 9/9 levels left

rFire   + . .      SeeInvis +   i - +9 great mace "Pozel" {protect, Contam rN+ Int+4}
rCold   . . .      Faith    .   (shield currently unavailable)
rNeg    + . .      Spirit   .   L - +0 acid dragon scales
rPois   .          Reflect  .   h - +1 helmet
rElec   .          Harm     .   E - +0 cloak
rCorr   +          Rampage  .   (no gloves)
Will    .....                   (no barding)
Stlth   +.........              (no amulet)
HPRegen 0.24/turn               p - ring of protection from fire
MPRegen 0.12/turn               y - +4 ring of slaying

@: mighty, about to teleport, curled up
A: large, rugged brown scales 3, see invisible, deformed body, roll 1, armoured
tail, reflexive curl, clumsy 1
a: Rolling Charge


You were on level 1 of the Lair of Beasts.
You visited 3 branches of the dungeon, and saw 10 of its levels.
You also visited: Sewer.

You collected 430 gold pieces.

Inventory:

Hand Weapons
 i - the +9 great mace "Pozel" (weapon) {protect, Contam rN+ Int+4}
   (You acquired it on level 4 of the Dungeon)

   It grants its wielder temporary protection when it strikes (+7 to AC).
   Int:       It affects your intelligence (+4).
   rN:        It protects you from negative energy.
   Contam:    It causes magical contamination when unequipped.
 q - a +0 flail of venom
 w - a +0 hammer of venom
 z - a +2 hammer of protection
 G - a +3 dire flail of freezing
Armour
 c - a +0 buckler
 h - a +1 helmet (worn)
 E - a +0 cloak (worn)
 J - a +0 plate armour
 L - +0 acid dragon scales (worn)
Jewellery
 p - a ring of protection from fire (left hand)
 y - a +4 ring of slaying (right hand)
 K - an amulet of magic regeneration
Wands
 a - a wand of light (5)
 t - a wand of flame (8)
 A - a wand of iceblast (11)
Scrolls
 b - 8 scrolls of teleportation
 k - 2 scrolls of fog
 r - a scroll of vulnerability
 s - 2 scrolls of enchant weapon {unknown}
 x - a scroll of enchant armour {unknown}
 D - 2 scrolls of silence
 F - a scroll of poison
 H - 2 scrolls of amnesia {unknown}
 I - 2 scrolls of brand weapon {unknown}
Potions
 d - 4 potions of might
 e - 2 potions of mutation {unknown}
 f - 2 potions of haste {unknown}
 g - a potion of lignification
 l - 5 potions of flight
 m - a potion of resistance {unknown}
 n - 2 potions of brilliance {unknown}
 u - 2 potions of attraction {unknown}
 v - a potion of ambrosia {unknown}
 C - 3 potions of curing
 M - 2 potions of invisibility {unknown}


   Skills:
 - Level 8.3 Fighting
 + Level 11.7 Maces & Flails
 + Level 5.3 Armour
 - Level 2.6 Shields


You had 9 spell levels left.
You didn't know any spells.
Your spell library contained the following spells:

 Spells                   Type           Power      Damage    Failure   Level
 Apportation              Tloc           0%         N/A       36%         1
 Necrotise                Necr           0%         1d4       36%         1
 Shock                    Conj/Air       0%         1d3       36%         1
 Summon Small Mammal      Summ           0%         N/A       36%         1
 Ensorcelled Hibernation  Hex/Ice        0%         N/A       52%         2
 Passwall                 Tmut/Erth      0%         N/A       52%         2
 Dazzling Flash           Conj/Hex       0%         N/A       75%         3
 Stone Arrow              Conj/Erth      0%         3d7       75%         3
 Swiftness                Air            0%         N/A       75%         3
 Airstrike                Air            0%         0-1+      98%         4
 Animate Armour           Summ/Erth      0%         N/A       98%         4
 Iskenderun's Mystic Bla  Conj/Tloc      0%         2d3       98%         4
 Fireball                 Conj/Fire      0%         3d3       100%        5
 Iskenderun's Battlesphe  Conj           0%         2d6       100%        5
 Conjure Ball Lightning   Conj/Air       0%         3x3d6     100%        6
 Starburst                Conj/Fire      0%         6d3       100%        6
 Orb of Destruction       Conj           0%         9d5       100%        7
 Lehudib's Crystal Spear  Conj/Erth      0%         10d2      100%        8


Dungeon Overview and Level Annotations

Branches:
Dungeon (8/15)             Temple (1/1) D:5            Lair (1/6) D:8
  Sewer (visited)

Altars:
Ashenzari
Cheibriados
Dithmenos
Elyvilon
Fedhas
Gozag
Hepliaklqana
Kikubaaqudgha
Makhleb
Nemelex Xobeh
Okawaru
Qazlal
Ru
Sif Muna
Trog
Uskayaw
Vehumet
Wu Jian
Xom
Yredelemnul
Zin
The Shining One

Annotations:
Lair:1 Prince Ribbit


Innate Abilities, Weirdness & Mutations

You are completely covered in rugged brown scales. (AC +3, +7% HP)
You have supernaturally acute eyesight. (SInv)
Armour fits poorly on your strangely shaped body.
You can roll at nearby foes to attack.
You have a long armoured tail.
You curl defensively after being hit. (AC +7*)
You are clumsy. (Dex -2)


Message History

The blink frog hits you but does no damage.
You closely miss the blink frog.
The blink frog is lightly wounded.
The blink frog hits you.
The blink frog hits you but does no damage.
You closely miss the blink frog.
The blink frog is lightly wounded.
The blink frog closely misses you. The blink frog barely misses you.
You sock the blink frog!
Your weapon exudes an aura of protection.
The blink frog is moderately wounded.
The blink frog hits you but does no damage.
The komodo dragon bites you!
* * * LOW HITPOINT WARNING * * *
You sock the komodo dragon!
The komodo dragon is moderately wounded.
The blink frog hits you but does no damage.
The komodo dragon bites you!
* * * LOW HITPOINT WARNING * * *
The blink frog barely misses you.
You feel much better. The komodo dragon bites you!
* * * LOW HITPOINT WARNING * * *
The blink frog hits you but does no damage.
A five-headed hydra comes into view.
You barely miss the komodo dragon.
The five-headed hydra roars!
You tail-slap the komodo dragon.
The komodo dragon is moderately wounded.
The blink frog blinks!
The komodo dragon bites you!!
* * * LOW HITPOINT WARNING * * *
Okay, then.
Blink to where?
Press: ? - help, Dir - move target
As you read the scroll of blinking, it crumbles to dust.
Unknown command.
As you read the scroll of teleportation, it crumbles to dust.
You feel strangely unstable.
The blink frog hits you but does no damage.
The blink frog hits you!
You die...

####.............##
###.#...............##
#....................#
##....................### ##
#...^...................## # #.
##........................##
.##.##..........................#
...................≈≈..§.........
................@F≈≈≈l...........
.................≈≈≈≈≈≈..........
.................≈≈≈≈≈...........
........##.......≈≈≈≈≈.>.........
........##....#..≈≈≈≈≈≈..........
.........##.......≈≈≈≈≈≈.D.......
....#.............≈≈≈≈≈≈.........
....#P....†........≈≈≈≈......†...
....................≈≈...........


You could see a komodo dragon and a blink frog.

Vanquished Creatures
  The ghost of Conn the Arsonist, a novice OpFE of Sif Muna (Lair:1)
  A cane toad (Lair:1)
  3 blink frogs (Lair:1)
  3 water moccasins
  An acid dragon (D:8)
  A black bear (D:6)
  2 ice beasts
  A sky beast (D:7)
  3 orc warriors
  An ogre (D:5)
  2 centaurs (D:8)
  2 kobold brigands
  A gnoll sergeant (D:5)
  A bullfrog (D:7)
  4 scorpions
  4 wights (D:7)
  5 howler monkeys
  A quasit (D:4)
  2 hounds (D:5)
  6 orc priests
  Crazy Yiuf (D:3)
  Jessica (D:3)
  4 iguanas
  11 orc wizards
  Robin (D:3)
  8 adders
  3 gnolls (D:6)
  2 river rats (Sewer)
  4 shadow imps (D:4)
  4 white imps
  3 ufetubi (D:4)
  A worm (D:2)
  38 orcs
  7 endoplasms
  5 giant cockroaches
  16 goblins
  5 hobgoblins
  5 jackals
  5 quokkas
  4 ball pythons
  2 bats (D:1)
  2 frilled lizards (D:1)
  11 kobolds
  5 rats
193 creatures vanquished.

Vanquished Creatures (others)
  An orc wizard (D:4)
  A demonic plant (D:4)
  3 plants
5 creatures vanquished.

Grand Total: 198 creatures vanquished

Notes
Turn   | Place    | Note
-------+----------+-------------------------------------------
     0 | D:1      | Malachi the Palentonga Fighter began the quest for the Orb.
     0 | D:1      | Reached XP level 1. HP: 19/19 MP: 1/1
   491 | D:1      | Reached XP level 2. HP: 24/25 MP: 2/2
   599 | D:1      | Found a faded altar of an unknown god.
   727 | D:2      | Reached skill level 3 in Maces & Flails
  1415 | D:3      | Reached XP level 3. HP: 24/31 MP: 3/3
  1641 | D:3      | Reached skill level 4 in Maces & Flails
  1839 | D:3      | Reached XP level 4. HP: 10/37 MP: 4/4
  2139 | D:3      | Reached skill level 5 in Maces & Flails
  2244 | D:3      | Noticed Robin
  2263 | D:3      | Killed Robin
  2267 | D:3      | Reached XP level 5. HP: 17/43 MP: 5/5
  2968 | D:3      | Noticed Jessica
  2969 | D:3      | Killed Jessica
  2989 | D:3      | Found a runed translucent door.
  2990 | D:3      | Noticed Crazy Yiuf
  3017 | D:3      | Killed Crazy Yiuf
  3018 | D:3      | Reached skill level 6 in Maces & Flails
  3125 | D:4      | Found a glowing silver altar of Zin.
  3158 | D:4      | Reached XP level 6. HP: 43/50 MP: 6/6
  3210 | D:4      | Identified a scroll of acquirement
  3210 | D:4      | Acquired the +9 great mace "Pozel" {protect, Contam rN+
                  | Int+4}
  3274 | D:4      | Gained mutation: You are clumsy. (Dex -2) [mutagenic glow]
  3585 | D:4      | Found a glowing drain.
  3605 | Sewer    | Entered a sewer
  3737 | Sewer    | Reached skill level 7 in Maces & Flails
  3794 | Sewer    | Found a white marble altar of Elyvilon.
  4096 | D:4      | Gained mutation: You curl defensively after being hit. (AC
                  | +7*) [Palentonga growth]
  4096 | D:4      | Reached XP level 7. HP: 18/56 MP: 7/7
  4364 | D:4      | Found a hide-covered altar of Uskayaw.
  4366 | D:4      | Found an ornate altar of the Wu Jian Council.
  4577 | D:5      | Entered Level 5 of the Dungeon
  4847 | D:5      | Found a staircase to the Ecumenical Temple.
  5085 | D:5      | Reached skill level 5 in Fighting
  5085 | D:5      | Reached skill level 8 in Maces & Flails
  5194 | D:5      | Reached XP level 8. HP: 62/67 MP: 8/8
  5437 | Temple   | Entered the Ecumenical Temple
  5982 | D:6      | Reached skill level 9 in Maces & Flails
  6618 | D:7      | Reached XP level 9. HP: 50/77 MP: 9/9
  6783 | D:7      | Reached skill level 10 in Maces & Flails
  6886 | D:7      | Identified the +3 ring mail "Netety" {rC- Str+4 Dex+3}
  7168 | D:7      | Found a white marble altar of Elyvilon.
  7513 | D:8      | Found a staircase to the Lair.
  8081 | D:8      | Found a sacrificial altar of Ru.
  8269 | Lair:1   | Entered Level 1 of the Lair of Beasts
  8269 | Lair:1   | Found a runed translucent door.
  8276 | Lair:1   | Noticed Conn's ghost (novice OpFE)
  8285 | Lair:1   | Killed Conn's ghost
  8286 | Lair:1   | Reached skill level 11 in Maces & Flails
  8396 | Lair:1   | Noticed a cane toad
  8398 | Lair:1   | Killed a cane toad
  8399 | Lair:1   | Reached XP level 10. HP: 85/85 MP: 10/10
  8457 | Lair:1   | Noticed Prince Ribbit
  8476 | Lair:1   | Reached skill level 5 in Armour
  8506 | Lair:1   | Noticed a five-headed hydra
  8509 | Lair:1   | Slain by a blink frog

Illustrated notes

Levels and vault maps discovered:
D:1:      dpeg_arrival_rooms_c, layout_basic,
          ebering_ecumenical_altar_sacrificial
D:2:      layout_loops_ring
D:3:      layout_loops_ring, grunt_decor_one_mirror, uniq_jessica,
          uniq_crazy_yiuf_cottage, uniq_robin
D:4:      layout_gridville, zin_academy,
          chequers_temple_overflow_statue_of_worship, serial_demonic,
          serial_demonic_c, serial_demonic_a, serial_demonic_b,
          serial_demonic_f, serial_demonic_g, serial_demonic_f,
          portal_sewer_entry_f
D:5:      kennysheep_spiral_hall, layout_rooms,
          minmay_temple_entry_gardened_gates
D:6:      layout_basic
D:7:      layout_loops_ring, mainiacjoe_overflow_alcove_1, patterned_corridor
D:8:      layout_rooms, nicolae_ru_the_path_less_chosen, lair_entry_dummy
Temple:   minmay_temple_bridge_d
Lair:1:   layout_hall_layers, hellmonk_ghost_happy_afterlife,
          infiniplex_staircase_pool, grunt_megastairs_3, uniq_prince_ribbit2

Skill      XL: |  1  2  3  4  5  6  7  8  9 10 |
---------------+-------------------------------+-----
Maces & Flails | 3 4 5 6 7 8 9 11 | 11.7
Fighting       | 5 7 8 |  8.3
Armour         | 4 5 |  5.3
Shields        | |  2.6

Action                   |  1- 3 |  4- 6 |  7- 9 | 10-12 || total
-------------------------+-------+-------+-------+-------++-------
Melee: Flail             |    96 |    63 |       |       ||   159
       Tailslap          |     7 |    12 |    15 |     3 ||    37
       Mace              |       |    19 |       |       ||    19
       Great mace        |       |    64 |   193 |    27 ||   284
       Unarmed           |       |    14 |       |       ||    14
 Abil: Rolling Charge    |     1 |     8 |    31 |    12 ||    52
Evoke: Wand              |       |       |       |     1 ||     1
  Use: Scroll            |       |     4 |     5 |     3 ||    12
       Potion            |       |     3 |       |     3 ||     6
Armor: Scale mail        |    41 |       |       |       ||    41
       Chain mail        |     1 |   129 |    82 |       ||   212
       Skin              |       |    35 |       |       ||    35
       Plate armour      |       |       |    18 |       ||    18
       Acid dragon scale |       |       |    16 |    24 ||    40
Dodge: Dodged            |    32 |    45 |    56 |    17 ||   150
Block: Buckler           |    21 |    12 |       |       ||    33

Table legend: (Time is in decaauts)
 A = Elapsed time spent in this place.
 B = Non-inter-level travel time spent in this place.
 C = Inter-level travel time spent in this place.
 D = Time resting spent in this place.
 E = Time spent auto-exploring this place.
 F = Levels seen in this place.
 G = Mean time per level.
                   A        B        C        D        E       F      G
               +--------+--------+--------+--------+--------+-----+--------+
         Total |   8667 |   8145 |    522 |   1074 |   5518 |  11 |  787.9 |
       Dungeon |   7904 |   7472 |    432 |   1074 |   5111 |   8 |  988.0 |
        Temple |    162 |     74 |     88 |      0 |     65 |   1 |  162.0 |
          Lair |    243 |    243 |      0 |      0 |    150 |   1 |  243.0 |
         Sewer |    356 |    356 |      0 |      0 |    192 |   1 |  356.0 |
               +--------+--------+--------+--------+--------+-----+--------+

Top non-repeatable levels by time:
     D:3: 1956 daAuts
     D:7: 1047 daAuts
     D:4: 969 daAuts
     D:5: 892 daAuts
     D:6: 849 daAuts
     D:8: 782 daAuts
     D:2: 709 daAuts
     D:1: 696 daAuts
   Sewer: 356 daAuts
  Lair:1: 243 daAuts
  Temple: 162 daAuts
